 Dungeon Crawl Stone Soup version 0.31.0-2-g5a2aebc5c2 (webtiles) character file.

Game seed: 12447924870599897180

4976 BeingJoeMalik the Slicer (level 10, -5/78 HPs)
             Began as a Naga Enchanter on Jan 20, 2024.
             Was a Follower of Hepliaklqana.
             Slain by Erica
             ... wielding a +2 scimitar of flaming
              (21 damage)
             ... on level 9 of the Dungeon.
             The game lasted 00:46:27 (10312 turns).

BeingJoeMalik the Slicer (Naga Enchanter)          Turns: 10312, Time: 00:46:28

Health: -5/78      AC: 11    Str: 10    XL:     10   Next: 53%
Magic:  5/19       EV: 10    Int: 24    God:    Hepliaklqana [*.....]
Gold:   27         SH:  0    Dex: 14    Spells: 9/21 levels left

rFire   . . .        p - +1 dagger (venom)
rCold   . . .        (no shield)
rNeg    . . .        o - +2 robe of Articulation {Will+}
rPois   +            x - +1 helmet
rElec   .            a - +2 cloak {rPois}
rCorr   .            (no gloves)
SInv    +            (no barding)
Will    ++...        (no amulet)
Stlth   +++          y - +6 ring of intelligence
HPRegen 0.33/turn    (no ring)
MPRegen 0.16/turn

%: no passive effects
@: about to teleport, unable to call your familiar, studying Shields, very slow
A: reduced essence, AC +3, large, see invisible, deformed body, poison
resistance, slowness 2, spit poison 1, naga tail 1
a: Spit Poison, Renounce Religion, Recall Ancestor, Ancestor Identity


You were on level 9 of the Dungeon.
You worshipped Hepliaklqana.
Hepliaklqana was aware of your devotion.
You visited 2 branches of the dungeon, and saw 10 of its levels.
You also visited: Sewer and Ossuary.

You collected 491 gold pieces.
You spent 464 gold pieces at shops.

Inventory:

Hand Weapons
 d - a +5 dagger of protection
 p - a +1 dagger of venom (weapon)
Missiles
 q - 31 poisoned darts
 s - 3 throwing nets
Armour
 a - a +2 cloak of poison resistance (worn)
 o - the +2 robe of Articulation (worn) {Will+}
   (You found it on level 2 of the Dungeon)

   Will+:     It increases your willpower.
 x - a +1 helmet (worn)
Jewellery
 i - a ring of fire
 y - a +6 ring of intelligence (left hand)
Wands
 h - a wand of paralysis (9)
 j - a wand of iceblast (10)
Scrolls
 e - a scroll of noise
 f - a scroll of identify
 k - a scroll of immolation
 l - 4 scrolls of teleportation
 m - 2 scrolls of amnesia
 t - 4 scrolls of enchant weapon
 u - 3 scrolls of silence
 v - 2 scrolls of blinking
Potions
 b - a potion of degeneration
 c - 2 potions of mutation
 g - 3 potions of curing
 n - 2 potions of brilliance
 r - a potion of berserk rage
 z - 4 potions of attraction
 A - 2 potions of resistance
 B - 2 potions of might
 C - a potion of lignification


   Skills:
 + Level 4.3 Fighting
 + Level 9.5 Short Blades
 - Level 1.5 Dodging
 - Level 4.5 Stealth
 + Level 6.3 Spellcasting
 - Level 6.0 Hexes
 * Level 3.9 Summonings
 - Level 5.1 Necromancy
 - Level 2.0 Ice Magic


You had 9 spell levels left.
You knew the following spells:

 Your Spells              Type           Power      Damage    Failure   Level
a - Ensorcelled Hibernat  Hex/Ice        52%        N/A       2%          2
b - Tukima's Dance        Hex            36%        N/A       1%          3
c - Necrotise             Necr           100%       1d9       1%          1
d - Summon Ice Beast      Ice/Summ       21%        N/A       7%          3
e - Call Canine Familiar  Summ           26%        N/A       4%          3

Your spell library contained the following spells:

 Spells                   Type           Power      Damage    Failure   Level
 Confusing Touch          Hex            36%        N/A       1%          3
 Sigil of Binding         Hex            36%        N/A       1%          3
 Freeze                   Ice            68%        1d8       3%          1
 Dazzling Flash           Conj/Hex       44%        N/A       7%          3
 Magic Dart               Conj           28%        1d4       8%          1
 Frozen Ramparts          Ice            34%        1d6       10%         3
 Searing Ray              Conj           14%        2d5       12%         2
 Hailstorm                Conj/Ice       12%        3d6       16%         3
 Dimensional Bullseye     Hex/Tloc       11%        N/A       22%         4
 Fulminant Prism          Conj/Alch      3%         3d5       58%         4
 Vhi's Electric Charge    Tloc/Air       14%        N/A       58%         4
 Arcjolt                  Conj/Air       3%         1d13      91%         5
 Haunt                    Necr/Summ      14%        N/A       100%        7
 Ozocubu's Refrigeration  Ice            8%         4d9       100%        7
 Maxwell's Capacitive Co  Air            3%         ∞         100%        8


Dungeon Overview and Level Annotations

Branches:
Dungeon (9/15)             Temple (1/1) D:5           Sewer (visited)
Ossuary (visited)
   Lair: D:8-11         Orc: D:9-12

Altars:
Ashenzari
Cheibriados
Dithmenos
Elyvilon
Fedhas
Hepliaklqana
Kikubaaqudgha
Makhleb
Nemelex Xobeh
Okawaru
Qazlal
Ru
Sif Muna
Trog
Vehumet
Wu Jian
Xom
Yredelemnul
Zin
The Shining One

Shops:
D:4 =(?*   D:7 ::[!

Annotations:
D:4 1 runed translucent door, Tragedy's ghost, weakling DrBe
D:8 Maggie
D:9 Erica; Joseph


Innate Abilities, Weirdness & Mutations

Your life essence is reduced to manifest your ancestor. (-10% HP)
Your serpentine skin is tough. (AC +3)
You have supernaturally acute eyesight. (SInv)
Armour fits poorly on your strangely shaped body.
Your system is resistant to poisons. (rPois)
You cover ground very slowly.
You can spit poison.
You have a snake-like lower body.


Message History

Erica barely misses your inugami. Erica closely misses your inugami.
The howler monkey hits you but does no damage.
Joseph unwields a +3 sling.
Joseph wields a +0 quarterstaff.
Joseph hits your inugami with a +0 quarterstaff!
Your inugami dies!
Your inugami disappears in a puff of smoke!
The bullfrog releases a deep croak.
As you read the scroll of teleportation, it crumbles to dust.
You feel strangely unstable.
The howler monkey hoots and howls with incredible vigour!
The howler monkey barely misses you. Erica barely misses you.
You hear a shout! x2
Unknown command.
Unknown command.
You miss Erica.
Erica is heavily wounded.
Joseph hits you with a +0 quarterstaff!
* * * LOW HITPOINT WARNING * * *
Unknown command.
Unknown command.
You hit Erica.
Erica is poisoned.
Erica is severely wounded.
The howler monkey hits you but does no damage.
Erica hits you but does no damage.
Unknown command.
You hit Erica.
Erica looks as sick as possible!
Your punch misses Erica.
Erica is severely wounded.
Joseph hits you with a +0 quarterstaff!
* * * LOW HITPOINT WARNING * * *
Unknown command.
Unknown command.
Unknown command.
Unknown command.
Unknown command.
The air fills with toxic fumes!
As you read the scroll of poison, it crumbles to dust.
The howler monkey closely misses you.
Erica hits you with a +2 scimitar of flaming!!
You die...
Erica begins burbling mirthfully and uncontrollably.

#### §§§§
#§§# #§§#
#§§# #§§# #
#§F# .# #
#@x# .[#
#.#h@###..###
#.#§§§§§§§§§#
#§§§§§§§§§#§
###§§§§§§##
#§§###§#
#§§###§##
#§§§...§..
#§####..§.
#.# ##


You could see Joseph, Erica (invisible, extremely poisoned), a bullfrog and a
howler monkey.

Vanquished Creatures
  Maurice (D:8)
  Psyche (D:8)
  4 yaks
  A steam dragon (D:6)
  Eustachio (D:4)
  An orc warrior (D:5)
  4 sky beasts (D:7)
  4 centaurs
  An elf zombie (Ossuary)
  A gnoll sergeant (D:7)
  5 bullfrogs
  A scorpion (D:5)
  6 killer bees (D:9)
  A howler monkey (D:7)
  3 bombardier beetles
  4 human zombies (Ossuary)
  3 hounds
  A gnoll bouda (D:4)
  2 orc priests (D:8)
  A sleepcap (D:5)
  A jelly (D:4)
  Jessica (D:3)
  3 iguanas
  2 orc wizards (D:7)
  A bullfrog simulacrum (Ossuary)
  2 crocodile zombies (Ossuary)
  2 mummies (Ossuary)
  Robin (D:4)
  9 adders
  17 gnolls
  A hound simulacrum (Ossuary)
  A white imp (D:5)
  3 spectral adders (Ossuary)
  A spectral gnoll (Ossuary)
  8 dart slugs
  3 ribbon worms
  23 orcs
  14 ball pythons
  16 endoplasms
  12 giant cockroaches
  4 gnoll zombies (Ossuary)
  15 goblins
  14 hobgoblins
  4 jackals
  7 quokkas
  2 bats
  14 frilled lizards
  A gnoll simulacrum (Ossuary)
  3 jackal simulacra (Ossuary)
  12 kobolds
  3 kobold zombies (Ossuary)
  3 orc zombies (Ossuary)
  4 rats
  2 spectral jackals (Ossuary)
  2 butterflies (D:3)
257 creatures vanquished.

Vanquished Creatures (collateral kills)
  A shadow (D:9)
  A wyvern (D:6)
  A yak (D:7)
  An ice beast (D:8)
  A bullfrog (D:7)
  A howler monkey (D:7)
  A centaur zombie (Ossuary)
  A human zombie (Ossuary)
  An orc priest (D:7)
  An orc wizard (D:7)
  A mummy (Ossuary)
  3 gnolls (D:7)
  A hound simulacrum (Ossuary)
  A spectral adder (Ossuary)
  A spectral gnoll (Ossuary)
  3 orcs (D:7)
  2 gnoll simulacra (Ossuary)
  A gnoll zombie (Ossuary)
  A jackal simulacrum (Ossuary)
  3 kobold zombies (Ossuary)
  2 orc zombies (Ossuary)
  2 spectral jackals (Ossuary)
31 creatures vanquished.

Vanquished Creatures (others)
  A dancing weapon (D:8)
  An orc wizard (D:8)
  5 ancestors
7 creatures vanquished.

Grand Total: 295 creatures vanquished

Notes
Turn   | Place    | Note
-------+----------+-------------------------------------------
     0 | D:1      | BeingJoeMalik the Naga Enchanter began the quest for the
                  | Orb.
     0 | D:1      | Reached XP level 1. HP: 15/15 MP: 3/3
    38 | D:1      | You fall into a shaft and drop 1 floor!
   168 | D:1      | Reached XP level 2. HP: 18/22 MP: 5/5
   171 | D:1      | Learned a level 2 spell: Ensorcelled Hibernation
   196 | D:1      | Reached skill level 2 in Short Blades
   396 | D:1      | HP: 1/22 [kobold/+0 dagger (1)]
   508 | D:1      | Found a faded altar of an unknown god.
   680 | D:1      | Reached XP level 3. HP: 28/28 MP: 6/6
   836 | D:1      | Reached skill level 3 in Short Blades
  1053 | D:2      | Learned a level 3 spell: Tukima's Dance
  1163 | D:2      | Identified the +2 robe of Articulation {Will+}
  1464 | D:2      | Reached XP level 4. HP: 32/36 MP: 7/7
  1732 | D:3      | Noticed Jessica
  1740 | D:3      | Killed Jessica
  1741 | D:3      | Reached skill level 4 in Short Blades
  1754 | D:3      | Reached XP level 5. HP: 38/42 MP: 3/8
  1896 | D:3      | Reached skill level 5 in Short Blades
  1958 | D:3      | Found a shimmering altar of Xom.
  2224 | D:4      | Found a runed translucent door.
  2226 | D:4      | Noticed Tragedy's ghost (weakling DrBe)
  2227 | D:4      | Noticed a two-headed ogre
  2281 | D:4      | Found Etsuliuz's Jewellery Boutique.
  2334 | D:4      | Reached XP level 6. HP: 38/49 MP: 3/9
  2439 | D:4      | Identified the +5 spear "Rosyrihi" {speed, rElec rF- Str+5}
  2506 | D:4      | Found a radiant altar of Vehumet.
  2520 | D:4      | Found Xariarch's Weapon Emporium.
  2609 | D:4      | Reached skill level 6 in Short Blades
  2818 | D:4      | Got the Handbook of Wintry Unspeakable Acts
  2821 | D:4      | Learned a level 1 spell: Necrotise
  2930 | D:4      | Found Uwomieru's Assorted Antiques.
  2991 | D:4      | Reached XP level 7. HP: 51/55 MP: 10/10
  3101 | D:4      | Found Niudup's Magic Scroll Emporium.
  3243 | D:4      | Noticed Eustachio
  3254 | D:4      | Killed Eustachio
  3255 | D:4      | Reached skill level 7 in Short Blades
  3255 | D:4      | Reached skill level 1 in Necromancy
  3454 | D:4      | Noticed Robin
  3469 | D:4      | Killed Robin
  3647 | D:4      | Bought a scroll labelled FAXZOT VIGOHUU for 25 gold pieces
  3647 | D:4      | Bought a scroll labelled NUOKUF DUHOI for 25 gold pieces
  3647 | D:4      | Bought a scroll labelled ESYRROERHU for 25 gold pieces
  3647 | D:4      | Bought a scroll labelled PINLIE JUIB for 25 gold pieces
  3647 | D:4      | Bought a scroll labelled LAID VY DUITAC for 25 gold pieces
  3647 | D:4      | Bought a scroll labelled RETZEW BOTIBI for 25 gold pieces
  3747 | D:5      | Entered Level 5 of the Dungeon
  3749 | D:5      | Found a glowing drain.
  3775 | Sewer    | Entered a sewer
  4021 | Sewer    | Reached skill level 1 in Ice Magic
  4210 | Sewer    | Reached XP level 8. HP: 31/63 MP: 3/11
  4346 | Sewer    | Identified the +9 battleaxe of the Thirteen Heavens
                  | {protect, Will+ Str+4}
  4486 | D:5      | Reached skill level 1 in Fighting
  4742 | D:5      | Found a glowing golden altar of the Shining One.
  5184 | D:5      | Learned a level 3 spell: Summon Ice Beast
  5717 | D:5      | Found a staircase to the Ecumenical Temple.
  5725 | Temple   | Entered the Ecumenical Temple
  5734 | Temple   | Became a worshipper of Hepliaklqana the Forgotten
  5851 | D:5      | Learned a level 3 spell: Call Canine Familiar
  6224 | D:6      | Reached skill level 8 in Short Blades
  6224 | D:6      | Reached skill level 5 in Hexes
  6240 | D:6      | Reached XP level 9. HP: 30/73 MP: 1/14
  6430 | D:6      | Reached * piety under Hepliaklqana
  6925 | D:7      | Found a sand-covered staircase.
  6929 | D:7      | Found Peubung's Armour Boutique.
  6945 | Ossuary  | Entered an ossuary
  7665 | D:7      | Found Hool's Distillery.
  7676 | D:7      | Bought a potion of heal wounds for 75 gold pieces
  7735 | D:7      | Found an ornate altar of the Wu Jian Council.
  7913 | D:7      | Found a sacrificial altar of Ru.
  7962 | D:7      | Found Raelausch's Book Shoppe.
  7997 | D:7      | Reached skill level 1 in Summonings
  8004 | D:7      | Found Pusio's Book Emporium.
  8011 | D:7      | Reached skill level 9 in Short Blades
  8595 | D:7      | Found a blossoming altar of Fedhas.
  8605 | D:7      | Found a broken altar of Ashenzari.
  8812 | D:4      | Bought a runed dagger for 125 gold pieces
  9039 | D:8      | Noticed Maurice
  9040 | D:8      | Maurice stole a +5 dagger
  9044 | D:8      | Maurice stole a ring of fire
  9046 | D:8      | Maurice stole 31 poisoned darts
  9060 | D:8      | Killed Maurice
  9061 | D:8      | Reached skill level 5 in Necromancy
  9061 | D:8      | Reached XP level 10. HP: 44/76 MP: 0/17
  9254 | D:8      | Reached skill level 5 in Spellcasting
  9583 | D:4      | Bought a scroll of brand weapon for 114 gold pieces
  9683 | D:8      | Noticed Psyche
  9707 | D:8      | Killed Psyche
  9724 | D:8      | Noticed Maggie
 10292 | D:9      | Noticed Erica
 10295 | D:9      | Noticed Joseph
 10312 | D:9      | Slain by Erica

Illustrated notes

Levels and vault maps discovered:
D:1:      heliophobic_arrival_henge, layout_loops_ring,
          hellmonk_ecumenical_altar_inner_sanctum
D:2:      layout_basic
D:3:      layout_loops_cross, xom_butterflies, serial_glass, glass_columns_a,
          glass_columns_a, uniq_jessica
D:4:      minmay_clustersquares, layout_basic, nicolae_vehumet_altar_sigil,
          serial_shops, kennysheep_little_box, nicolae_shop_hallway_stairs,
          shop, shop, ebering_ghost_inner_flame, uniq_robin, uniq_eustachio
D:5:      minmay_chambers_of_fours, layout_basic, mainiacjoe_overflow_alcove_2,
          minmay_temple_entry_statues_pillars, portal_sewer_entry_f,
          nrook_mini_backslash, minmay_misc_feat_hallway, minmay_diced_spiral
D:6:      layout_basic
D:7:      layout_basic, mainiacjoe_overflow_boulevard, hangedman_ru_absence,
          mainiacjoe_overflow_catwalk, amcnicky_altar_gilded, enter_ossuary_1,
          serial_shops, nicolae_shop_hallway_plus, shop, shop, shop
D:8:      layout_loops_ring, kennysheep_generic_room_8, uniq_maurice,
          uniq_psyche, uniq_maggie
D:9:      layout_loops_ring, mainiacjoe_overflow_paths, lemuel_crystal_altar,
          uniq_pikel, uniq_amaemon, uniq_joseph, uniq_erica
Temple:   nicolae_temple_ecumenical_triangle

Skill      XL: |  1  2  3  4  5  6  7  8  9 10 |
---------------+-------------------------------+-----
Short Blades   | 2 3 4 5 6 7 8 9 |  9.5
Necromancy     | 2 3 5 |  5.1
Ice Magic      | 1 2 |  2.0
Fighting       | 2 3 4 |  4.3
Hexes          | 5 6 |  6.0
Spellcasting   | 3 4 6 |  6.3
Summonings     | 2 3 |  3.9
Dodging        | |  1.5
Stealth        | |  4.5

Action                     |  1- 3 |  4- 6 |  7- 9 | 10-12 || total
---------------------------+-------+-------+-------+-------++-------
  Melee: Dagger            |    67 |   127 |   522 |    95 ||   811
         Punch             |     2 |     3 |    12 |     3 ||    20
   Cast: Ensorcelled Hiber |     3 |     6 |    43 |    25 ||    77
         Necrotise         |       |       |    15 |     4 ||    19
         Tukima's Dance    |       |       |     6 |       ||     6
         Summon Ice Beast  |       |       |     2 |       ||     2
         Call Canine Famil |       |       |       |     1 ||     1
Ability: Spit Poison       |    24 |    26 |    51 |     3 ||   104
    Use: Potion            |     3 |     1 |     8 |       ||    12
         Scroll            |       |       |    19 |     3 ||    22
   Stab: Sleeping          |    13 |    11 |    34 |    11 ||    69
         Invisible         |     1 |     1 |     2 |       ||     4
         Distracted        |       |       |     3 |       ||     3
 Armour: Robe              |    43 |    52 |   317 |    78 ||   490
  Dodge: Dodged            |    30 |    48 |   187 |    35 ||   300
